[Event "*** Titled Tuesday Blitz"]
[Site "Chess.com"]
[Date "2019.10.01"]
[Round "8"]
[White "arjwezhrtdrz"]
[Black "dopolian"]
[Result "0-1"]
[WhiteElo "2095"]
[BlackElo "2351"]
[TimeControl "180+2"]
[EndTime "15:00:08 PDT"]
[Termination "dopolian won by resignation"]

1. e4 Nc6 2. Nf3 e5 3. Nc3 Nf6 4. Bb5 Bc5 5. O-O O-O 6. Nxe5 Nxe5 7. d4 Bd6 8. f4 Nc6 9. e5 Bb4 10. d5 Bc5+ 11. Kh1 Nd4 12. exf6 Qxf6 13. Bd3 Nf5 14.
Ne4 Qh6 15. Nxc5 Ng3+ 16. Kg1 Nxf1 17. Qxf1 Qb6 18. Qf2 d6 19. Nb3 Bg4 20. Be3 Qb4 21. a3 Qa4 22. h3 Bd7 23. Bd4 Bb5 24. Bxb5 Qxb5 25. Qf3 Rae8 26. Bc3 Qc4 27. Nd4 f6 28. Kh2 Rf7 29. Ne6 Qb5 30. Qd3 Qd7 31. f5 c6 32. Re1 c5 33. b3 b5 34. a4 bxa4 35.
bxa4 Qxa4 36. Ra1 Qd7 37. Ra6 Rb8 38. Rc6 Rc8 39. Rxc8+ Qxc8 40. Qb5 Rb7 41. Qc6 Qd7 42. Qxd7 Rxd7 43. Ba5 Kf7 44. Kg3 g6 45. Kf4 Ke7 46. Ke4 Rb7 47. Bc3 Rb1 48. g4 Rh1 49. fxg6 hxg6 50. Nf4 Kf7 51. Bd2 Rh2 52. Be3 Rxc2 53. Nd3 a5 54. Kf3 a4 55. Nc1 a3 56. Nb3 a2 57.
Bf4 Rc3+ 58. Ke4 Rxb3 0-1

[Event "*** Titled Tuesday Blitz"]
[Site "Chess.com"]
[Date "2019.10.01"]
[Round "8"]
[White "SCIM"]
[Black "Alex_Terzi"]
[Result "0-1"]
[WhiteElo "2499"]
[BlackElo "2626"]
[TimeControl "180+2"]
[EndTime "15:00:16 PDT"]
[Termination "Alex_Terzi won on time"]

1. d4 Nf6 2. c4 c5 3. d5 b5 4.
cxb5 a6 5. bxa6 Bxa6 6. Nc3 g6 7.
e4 Bxf1 8. Kxf1 d6 9. Nf3 Bg7 10.
g3 O-O 11. Kg2 Qb6 12. a4 Na6 13. Qe2 Nc7 14. h3 Rfb8 15. Ra3 Qa6 16. Qc2 Rb4 17. Bd2 Rab8 18. Nb5 Nxb5 19. axb5 Qxb5 20. Bxb4 Qxb4 21. Re1 Nd7 22. Ra7 Ne5 23. Re2 Nxf3 24. Kxf3 Bf6 25. Kg2 h5 26. h4 Kg7 27. Qd3 c4 28. Qf3 Qc5 29. Rd7 Rb3 30. Qf4 c3 31. bxc3 Qb5 32. Rxe7 Bxe7 33. Re3 Qc5 34. Rf3 f6 35. g4 Rxc3 36.
gxh5 Rxf3 37. Qxf3 gxh5 38. Qxh5 Qc1 39. Qg4+ Kf8 40.
Qf5 Qd2 41. Qg4 Qh6 42. Qc8+ Kg7 43. Kh3 Qg6 44. Qe6 Kf8 45. Qc8+ Kg7 46. Qe6 Qf7 47. Qg4+ Kh8 48. Qc8+ Bf8 49. Qf5 Qg7 50. Qe6 Qg6 51. f3 Kg7 52. Qd7+ Qf7 53. Qg4+ Qg6 54. Qd7+ Kg8 55.
Qe6+ Kh8 56. Qc8 Qf7 0-1

[Event "*** Titled Tuesday Blitz"]
[Site "Chess.com"]
[Date "2019.10.01"]
[Round "8"]
[White "vovachesss"]
[Black "ShadowJolteon"]
[Result "0-1"]
[WhiteElo "2515"]
[BlackElo "2377"]
[TimeControl "180+2"]
[EndTime "15:00:20 PDT"]
[Termination "ShadowJolteon won on time"]

1. e4 c6 2. d4 d5 3. e5 c5 4. dxc5 Nc6 5. Nf3 Bg4 6. Be2 e6 7. Be3 Nge7 8. c3 Bxf3 9. Bxf3 Nxe5 10. O-O Nf5 11. Bd4 Nxf3+ 12. Qxf3 b6 13. cxb6 Nxd4 14. cxd4 Qxb6 15. Nc3 Be7 16. Rfe1 Rd8 17. Qd3 O-O 18. Na4 Qb4 19. b3 Bf6 20. Rad1 Rc8 21. Nc5 Rfd8 22. Na6 Qb6 23. Re2 Rd6 24. Nc5 Bxd4 25. Na4 Qb4 26. a3 Qxa3 27. Qxd4 Qxb3 28. Rb2 Qa3 29. Qxa7 Rdc6 30.
Rb8 h6 31. h3 Rxb8 32. Qxb8+ Kh7 33. Qb5 Rc4 34. Nb6 Rb4 35. Qc5 Qb3 36. Rc1 Rxb6 37. Qe7 Rb7 38. Rc7 Rxc7 39. Qxc7 Qb1+ 40. Kh2 Qg6 41. g3 Qf6 42. f4 Kg6 43. Qc2+ Qf5 44. Qd2 Qe4 45. g4 d4 46. h4 d3 47. Kg3 Qe2 48. h5+ Kh7 49. Qc3 d2 50. Qc2+ g6 51.
hxg6+ Kg7 52. Qc3+ Kxg6 53. Qc2+ Kg7 54. Qc3+ Kg8 55.
Qc8+ Kh7 56. Qc2+ Kg7 57. Qc3+ e5 58. fxe5 Qe1+ 59. Kf4 d1=Q 60. Qc6 Qf2+ 61. Ke4 Qh1+ 0-1

[Event "*** Titled Tuesday Blitz"]
[Site "Chess.com"]
[Date "2019.10.01"]
[Round "8"]
[White "Gubajdullin"]
[Black "Bagirova"]
[Result "1-0"]
[WhiteElo "2611"]
[BlackElo "2083"]
[TimeControl "180+2"]
[EndTime "15:00:27 PDT"]
[Termination "Gubajdullin won by checkmate"]

1. d4 Nf6 2. Bf4 g6 3. e3 Bg7 4. Nf3 O-O 5. Be2 d6 6. O-O Nbd7 7. h3 a6 8. a4 c5 9. a5 cxd4 10. exd4 Nd5 11. Bg3 b6 12. c4 Nb4 13. axb6 Nxb6 14. Nc3 Bf5 15. c5 dxc5 16. dxc5 Nd7 17. Qa4 a5 18. c6 Nc5 19. Qb5 Ncd3 20. c7 Qc8 21. Rxa5 Rxa5 22. Qxa5 Qa6 23. Qxa6 Nxa6 24. Nd5 Bf6 25. Nb6 Nab4 26. Nh4 Bc8 27. Rd1 Ba6 28. Bxd3 Nxd3 29. Rxd3 Bxd3 30. c8=Q Rxc8 31. Nxc8 Bxb2 32. Nxe7+ Kg7 33. Nc6 f6 34. Nf3 Be4 35. Ncd4 Bxf3 36. Nxf3 h5 37. h4 Bc1 38. Bd6 g5 39. g3 gxh4 40.
Nxh4 Kf7 41. Kg2 Ke6 42. Bf4 Bb2 43. Kf3 f5 44. Be3 Kf6 45. Bc5 Be5 46. Ng2 Kg5 47.
Nf4 Kf6 48. Nxh5+ Kg5 49. Nf4 Ba1 50. Be7+ Kh6 51. Nd3 Kg6 52. Kf4 Bc3 53. Ne5+ Kg7 54. Kxf5 Be1 55. Nd3 Bd2 56. g4 Bc3 57. Bd8 Ba1 58. g5 Bc3 59. Bf6+ Bxf6 60. gxf6+ Kf8 61. Ne5 Kg8 62. Ke6 Kh7 63. f7 Kh6 64. f8=Q+ Kh7 65. Qf5+ Kg8 66. Qg6+ Kh8 67. Nf7# 1-0

[Event "*** Titled Tuesday Blitz"]
[Site "Chess.com"]
[Date "2019.10.01"]
[Round "8"]
[White "KhalilMousavi77"]
[Black "kosya4ok"]
[Result "0-1"]
[WhiteElo "2782"]
[BlackElo "2629"]
[TimeControl "180+2"]
[EndTime "15:00:41 PDT"]
[Termination "kosya4ok won by resignation"]

1. e4 c5 2. Nf3 Nc6 3. d4 cxd4 4. Nxd4 Nf6 5. Nc3 e5 6. Ndb5 d6 7. Bg5 a6 8. Na3 b5 9. Nd5 Be7 10. Bxf6 Bxf6 11. c3 Bg5 12. Nc2 O-O 13. a4 bxa4 14.
Bd3 Rb8 15. Ncb4 Bd7 16. O-O Nxb4 17. cxb4 Bb5 18. Re1 Rc8 19. Bc2 Rc4 20. Bxa4 Rd4 21. Qb3 Bc4 22. Qc2 Bd3 23. Qc6 Bxe4 24. Bb3 Qa8 25.
Qxa8 Rxa8 26. Nc7 Rc8 27. Nxa6 Bd3 28. Red1 g6 29. g3 Bxa6 30. Rxd4 exd4 31. Rxa6 Rb8 32. Ra7 Rxb4 33. Bxf7+ Kh8 34. h4 Bc1 35. Rd7 Rb6 36.
Bc4 Bxb2 37. g4 Bc1 38. Rd8+ Kg7 39. g5 h6 40. Rd7+ Kf8 41. f4 hxg5 42. hxg5 Rb4 43. Ba2 d3 44. Rxd6 Be3+ 45. Kf1 d2 46. f5 gxf5 47.
g6 Kg7 48. Ke2 Bg5 49. Kd1 Re4 50. Bb3 Re1+ 51. Kc2 Rc1+ 52. Kb2 Bf6+ 53. Ka3 Bc3 54. Ka4 f4 55. Kb5 f3 56. Rd7+ Kxg6 57. Rd6+ Kg5 58.
Rd5+ Kf4 59. Rd8 f2 60. Rf8+ Kg3 61. Rg8+ Kh4 0-1

[Event "*** Titled Tuesday Blitz"]
[Site "Chess.com"]
[Date "2019.10.01"]
[Round "8"]
[White "doons21"]
[Black "VerdeNotte"]
[Result "0-1"]
[WhiteElo "2607"]
[BlackElo "2777"]
[TimeControl "180+2"]
[EndTime "15:00:42 PDT"]
[Termination "VerdeNotte won by resignation"]

1. e4 d6 2. d4 Nf6 3. Nc3 g6 4. f4 Bg7 5. e5 dxe5 6. dxe5 Qxd1+ 7. Kxd1 Nfd7 8. Nd5 Kd8 9. Nf3 c6 10. Ne3 Kc7 11. Bc4 Nc5 12. a4 Be6 13. b3 Nbd7 14.
Bb2 Rad8 15. Ke2 Nb6 16. Ng5 Bxc4+ 17. bxc4 Nbxa4 18. Ba3 Rd4 19. g3 f6 20. Nf3 Rd7 21. Bxc5 Nxc5 22. Rxa7 fxe5 23. fxe5 Ne4 24. Ra3 Rf8 25. Rd1 Rxd1 26. Nxd1 Nc5 27. Nf2 Nd7 28. Nd3 Nb6 29. c5 Nd7 30. Ng5 Rg8 31. Ne6+ Kb8 32. Nxg7 Rxg7 33. Ke3 Rg8 34. Ra4 Kc7 35. Rf4 Rf8 36. Ke4 Kd8 37. h4 Ke8 38. g4 Rf7 39. g5 Nf8 40. Rxf7 Kxf7 41. Nf4 e6 42. Nd3 Nd7 43.
Kd4 Nb8 44. Kc4 Na6 45. c3 Ke7 46. Nb4 Nc7 47. Nd3 Nb5 48. Kb4 Kd7 49. Kc4 Nc7 50.
Kd4 Nd5 51. c4 Ne7 52. Nf4 Nf5+ 53. Ke4 Nxh4 54. Ne2 Nf5 55. Nf4 Ng7 56. Nh3 Ne8 57. Nf2 Ke7 58. Ng4 Kf7 59. Ne3 Nc7 60. Nc2 Na6 61.
Kd4 Kg7 62. Ne3 h6 63. gxh6+ Kxh6 64. Ng4+ Kg5 65. Nf6 Kf4 66. Nd7 g5 67. Nf8 Kf5 68. Nd7 g4 69. Nf6 Kf4 70. Nh5+ Kf3 71. Ng7 g3 72.
Nxe6 g2 73. Ng5+ Kg4 0-1

[Event "*** Titled Tuesday Blitz"]
[Site "Chess.com"]
[Date "2019.10.01"]
[Round "8"]
[White "PotapovaM"]
[Black "Saloni1299"]
[Result "1-0"]
[WhiteElo "2422"]
[BlackElo "2066"]
[TimeControl "180+2"]
[EndTime "15:00:43 PDT"]
[Termination "PotapovaM won by resignation"]

1. d4 Nf6 2. c4 g6 3. Nc3 d5 4. cxd5 Nxd5 5. e4 Nxc3 6. bxc3 Bg7 7. Nf3 c5 8. Be3 O-O 9. Be2 Nc6 10. O-O Qa5 11.
d5 Ne5 12. c4 Nxf3+ 13. Bxf3 f5 14. Rb1 Qc7 15. Rb5 b6 16. exf5 Bxf5 17. d6 Qxd6 18.
Qxd6 exd6 19. Bd5+ Kh8 20. Bxa8 Rxa8 21. Rd1 Be6 22.
Rxd6 Bxc4 23. Rb1 Bxa2 24. Rbd1 Bg8 25. Rd8 Rxd8 26. Rxd8 c4 27. Kf1 c3 28. Ke2 b5 29. Bxa7 b4 30. Rb8 b3 31. Be3 c2 32. Bc1 h6 33. Kd3 Kh7 34. Rb7 Bd5 35. Rd7 Be6 36. Re7 Bf5+ 37. Kc4 Kg8 38. Kxb3 Bf8 39.
Ra7 Bc5 40. Ra8+ Kf7 41. f3 Bg1 42. h3 h5 43. Ra6 h4 44. Ra4 Bf2 45. Ra6 Kg7 46. Kb2 Kf7 47. Bd2 Bd4+ 48. Kc1 Bf2 49. Rc6 Ke7 50. Rxc2 Bxc2 51. Kxc2 Ke6 52. Kd3 Kf5 53.
Ke2 Bg3 54. Be1 Bxe1 55. Kxe1 Kf4 56. Kf2 g5 57. Kf1 Kf5 58. Ke1 Ke5 59. Ke2 Kd4 60. f4 gxf4 61. Kf3 Ke5 62. Kg4 Ke4 63. Kxh4 Kf5 64.
Kh5 Kf6 65. Kg4 Ke5 66. h4 1-0

[Event "*** Titled Tuesday Blitz"]
[Site "Chess.com"]
[Date "2019.10.01"]
[Round "8"]
[White "ChessWarrior7197"]
[Black "eldur16"]
[Result "1-0"]
[WhiteElo "2904"]
[BlackElo "2627"]
[TimeControl "180+2"]
[EndTime "15:00:55 PDT"]
[Termination "ChessWarrior7197 won by resignation"]

1. e4 g6 2. d4 Bg7 3. Nc3 d6 4. h4 Nf6 5. Bg5 c6 6. Qd2 Nbd7 7. Bh6 Bxh6 8. Qxh6 e5 9. dxe5 dxe5 10. O-O-O Qe7 11. f3 b5 12. Nce2 Bb7 13. Ng3 O-O-O 14. h5 Nc5 15. Be2 Rxd1+ 16. Bxd1 Rd8 17. N1e2 Ne6 18. hxg6 fxg6 19.
Qe3 Kb8 20. c3 Qd6 21. Bc2 c5 22. Rd1 Qc7 23. Rxd8+ Qxd8 24. f4 Qc7 25. f5 Nf4 26. Nf1 Nxe2+ 27. Qxe2 c4 28. g4 gxf5 29. exf5 e4 30.
Ne3 Qf4 31. Kd2 h6 32. Ke1 Nd5 33. Nf1 e3 34. Qh2 Qxh2 35. Nxh2 Nf4 36. f6 Bd5 37.
Nf1 Ng2+ 38. Ke2 Be6 39. Bf5 Bxf5 40. gxf5 Nf4+ 41. Kxe3 Nd5+ 42. Kd4 Nxf6 43. Ke5 Nd7+ 44. Ke6 Kc7 45. f6 h5 46. f7 Kd8 47. Nh2 h4 48. Nf3 h3 49. Kd6 a6 50. Nh2 a5 51. a3 Nf8 52. Ng4 Ng6 53. Ne5 Nf8 54. Nf3 Ng6 55. Kc5 Ke7 56. Kxb5 Ne5 57. Nh2 Kxf7 58. Kxa5 Ke6 59.
Kb5 Kf5 60. a4 Ng4 61. Nf1 Kf4 62. a5 Ne3 63. a6 Nxf1 64. a7 h2 65. a8=Q Ng3 66.
Qf8+ Kg4 67. Qc8+ Kf4 68. Qxc4+ Kf3 69. Qd3+ Kg2 70. Qd2+ Kg1 71. Qe1+ Nf1 72. Qe4 h1=Q 73. Qxh1+ Kxh1 74. c4 Kg2 75. c5 Ne3 76. c6 Nd5 77. Kc5 Nc7 78. b4 Na6+ 79. Kd6 1-0

[Event "*** Titled Tuesday Blitz"]
[Site "Chess.com"]
[Date "2019.10.01"]
[Round "8"]
[White "Olga_Ustinova"]
[Black "anon132639"]
[Result "1/2-1/2"]
[WhiteElo "2378"]
[BlackElo "2678"]
[TimeControl "180+2"]
[EndTime "15:00:57 PDT"]
[Termination "Game drawn - insufficient material"]

1. d4 g6 2. Nf3 Bg7 3. Bf4 Nf6 4. e3 O-O 5. h3 d6 6. c3 Nfd7 7.
Be2 e5 8. dxe5 dxe5 9. Bh2 Nc6 10. O-O Nc5 11. Na3 Bf5 12. Qxd8 Raxd8 13. Rfd1 a6 14.
Nc4 f6 15. Kf1 b5 16. Rxd8 Rxd8 17. Ncd2 Rd7 18. g4 Bd3 19. Bxd3 Nxd3 20. b3 b4 21.
cxb4 Ncxb4 22. a3 Nd5 23. Nc4 e4 24. Ne1 f5 25. Rd1 Nc3 26. Rd2 Nb1 27. Rd1 Nc3 28.
Rd2 c6 29. Nxd3 exd3 30. Be5 Ne4 31. Rd1 fxg4 32. hxg4 Rf7 33. f4 d2 34. Ke2 Rd7 35.
Nxd2 Bxe5 36. Nxe4 Rxd1 37. Kxd1 Bb2 38. a4 h5 39. gxh5 gxh5 40. Kc2 Bg7 41. Kd3 Kf7 42. Ng5+ Kg6 43. Ke4 Bc3 44. Nh3 h4 45. f5+ Kf6 46.
Kf4 Be5+ 47. Kg4 Bg3 48. Nf4 Ke5 49. Ng6+ Ke4 50. Nxh4 Be5 51. Ng6 Bf6 52. Nf8 Kxe3 53. Nd7 Bd4 54. Nb8 Kd3 55. Nxc6 Bf6 56. Nb4+ Kc3 57.
Nxa6 Kxb3 58. Nc5+ Kb4 59. Nd7 Bh8 60. Nb6 Ka5 61. Nd5 Kxa4 62. Kg5 Kb5 63. Kg6 Kc6 64. Nf4 Bc3 65. Kf7 Kd6 66. Nd3 Kd5 67. Kg6 Ke4 68.
Nc5+ Kd5 69. Nd7 Bb2 70. Nf6+ Kd6 71. Ng4 Kd5 72. Kf7 Ba1 73. Ke7 Ke4 74. Ke6 Bb2 75. Nf6+ Kf4 76. Nd5+ Ke4 77. Nb4 Ba1 78. Nc2 Bb2 79.
Nb4 Ba1 80. Nc6 Bb2 81. Ne7 Bc3 82. Nd5 Bb2 83. Nf6+ Kf4 84. Nd7 Bd4 85. Nb8 Ke4 86. Nc6 Bc3 87. Ne5 Bxe5 88. f6 Bxf6 1/2-1/2

[Event "*** Titled Tuesday Blitz"]
[Site "Chess.com"]
[Date "2019.10.01"]
[Round "8"]
[White "TheFireChess"]
[Black "pedroholly22"]
[Result "1-0"]
[WhiteElo "2509"]
[BlackElo "2342"]
[TimeControl "180+2"]
[EndTime "15:01:14 PDT"]
[Termination "TheFireChess won by resignation"]

1. e4 e6 2. Nc3 d5 3. d3 Nf6 4. e5 Nfd7 5. f4 c5 6. Nf3 Nc6 7. g3 Be7 8. Bg2 O-O 9. O-O f6 10. exf6 Bxf6 11. Re1 Nb6 12. h3 g6 13. g4 a6 14. Ne2 Qd6 15. d4 cxd4 16. Nexd4 Nxd4 17. Nxd4 e5 18. fxe5 Bxe5 19. Nf3 Bg3 20. Rf1 Bd7 21.
Bh6 Bb5 22. Bxf8 Rxf8 23. Re1 Bxe1 24. Qxe1 d4 25. Rd1 Bc6 26. Rxd4 Qf6 27. Rd3 Nc4 28. b3 Bxf3 29. Rxf3 Qd4+ 30. Qf2 Qd1+ 31. Qf1 Qd4+ 32. Kh1 Rxf3 33. Qxf3 Ne3 34. c4 Nxg2 35. Kxg2 Qd2+ 36.
Kg3 Qd6+ 37. Qf4 Qd7 38. Qe4 Kg7 39. g5 h5 40. gxh6+ Kxh6 41. Qh4+ Kg7 42. Qf4 Qd3+ 43. Qf3 Qd6+ 44. Kf2 Qd2+ 45. Qe2 Qf4+ 46. Kg2 Qf7 47. Qe5+ Kh7 48. h4 Qd7 49. h5 Qg4+ 50. Kf2 gxh5 51.
Qc7+ Kg6 52. Qxb7 Qf4+ 53. Qf3 Qd2+ 54. Qe2 Qf4+ 55. Kg2 h4 56. Qf3 Qd2+ 57. Kh3 Qxa2 58. Kxh4 Qh2+ 59. Kg4 Qa2 60. Kf4 Kf6 61. Ke4+ Ke6 62.
Qe3 Kd6 63. Qb6+ Kd7 64. Qb7+ Kd6 65. Qd5+ Kc7 66. Qd3 Qg2+ 67. Kd4 Qg5 68. Kc3 Qe5+ 69. Qd4 Qe1+ 70. Kb2 a5 71. Qc3 Qe2+ 72. Ka3 Qh5 73. Ka4 Kb6 74. c5+ Kc6 75. Kxa5 Qf7 76. Ka4 Qa7+ 77.
Qa5 Qh7 78. Qb6+ Kd5 79. Qd6+ Ke4 80. c6 Qa7+ 81. Kb4 Qb6+ 82. Ka3 Qa6+ 83. Kb2 Qe2+ 84.
Kc3 Qe1+ 85. Kc4 Qc1+ 86. Kb4 Qd2+ 87. Qxd2 1-0

[Event "*** Titled Tuesday Blitz"]
[Site "Chess.com"]
[Date "2019.10.01"]
[Round "8"]
[White "Sajkochess"]
[Black "Komissarov_alex"]
[Result "1-0"]
[WhiteElo "2263"]
[BlackElo "1924"]
[TimeControl "180+2"]
[EndTime "15:01:14 PDT"]
[Termination "Sajkochess won on time"]

1. e4 e5 2. Nf3 Nc6 3. Bb5 Nd4 4. Nxd4 exd4 5. O-O c6 6. Bc4 Nf6 7. d3 d5 8. exd5 Nxd5 9. c3 Be7 10. cxd4 O-O 11. Nc3 Bf6 12. Qb3 Nb6 13. Ne2 Bxd4 14. Nxd4 Qxd4 15. Be3 Qd8 16. Bc5 Nxc4 17. dxc4 Re8 18.
Rfe1 b6 19. Rxe8+ Qxe8 20. Bb4 c5 21. Bc3 Bb7 22. Re1 Qc6 23. f3 h6 24. Qc2 Re8 25.
Rxe8+ Qxe8 26. Kf2 Qe6 27. Qd3 Ba6 28. b3 Bc8 29.
Qd8+ Kh7 30. Qc7 Qd7 31. Qe5 f6 32. Qb8 Qb7 33. Qf4 Qd7 34. Qe4+ Qf5 35. Ke3 Qxe4+ 36.
fxe4 Kg6 37. Be1 Kf7 38. Bg3 a6 39. Bc7 b5 40. Bb6 bxc4 41. bxc4 Be6 42. Kd3 Ke7 43. Bxc5+ Kf7 44. Bd6 g5 45. h3 h5 46. a4 Ke8 47.
Kd4 Kd7 48. Bf8 g4 49. hxg4 Bxg4 50. Bg7 Bd1 51. a5 Ke6 52. Kc5 Be2 53. Kd4 Bf1 54. g3 Be2 55. Bh6 Bf1 56. Bf4 Be2 57. c5 Bb5 58.
Bb8 Bc6 59. Bf4 Bb5 60. Bh6 Bc6 61. Bf8 Bb5 62. Bd6 Bc6 63. e5 fxe5+ 64. Bxe5 Bb5 65. Bf4 Bc6 66. Bc7 Bb5 67. Bb6 Bc6 68. Ke3 Bd5 69. Kf4 Bc6 70. Kg5 1-0

[Event "*** Titled Tuesday Blitz"]
[Site "Chess.com"]
[Date "2019.10.01"]
[Round "8"]
[White "Teidi96"]
[Black "oskariot"]
[Result "1/2-1/2"]
[WhiteElo "2231"]
[BlackElo "2666"]
[TimeControl "180+2"]
[EndTime "15:01:20 PDT"]
[Termination "Game drawn - insufficient material"]

1. e4 e6 2. d4 d5 3. Nd2 c5 4. exd5 exd5 5. Ngf3 Nf6 6. Bb5+ Bd7 7. Bxd7+ Nbxd7 8.
O-O Be7 9. dxc5 Nxc5 10. Nb3 Nce4 11. h3 O-O 12. Nbd4 Re8 13. c3 Qb6 14. Qd3 a5 15. a4 Nc5 16. Qb5 Qc7 17. Be3 Nfe4 18. Rac1 Nd6 19. Qe2 Nxa4 20. Nb5 Nxb5 21. Qxb5 Qc6 22.
Qxc6 bxc6 23. b3 Nc5 24. Nd4 Rec8 25. Ra1 Bf6 26. Rfb1 Ne4 27. Rc1 c5 28. Ne2 c4 29.
bxc4 Rxc4 30. Bd4 a4 31. Bxf6 gxf6 32. Ra3 Nd6 33. Nd4 Ne4 34. Nf5 Rb8 35. Ne7+ Kf8 36. Nxd5 Rb2 37. Ne3 Rc5 38. Rxa4 Nxf2 39. c4 Rg5 40.
Rc2 Rxc2 41. Nxc2 Nxh3+ 42. Kh2 Nf4 43. Ne3 Re5 44. c5 Nd3 45. Ng4 Rh5+ 46. Kg3 Nxc5 47. Nxf6 Rg5+ 48. Rg4 Rxg4+ 49. Nxg4 Kg7 50. Kf4 Nb3 51.
g3 Nd4 52. Ne5 Ne2+ 53. Kf3 Nc3 54. Nd3 Kf6 55. Nf4 Kg5 56. Nd3 Nd5 57. Ne5 f6 58.
Nd3 Ne7 59. Nf4 Ng6 60. Ne6+ Kf5 61. Ng7+ Ke5 62. Nh5 f5 63. Ng7 Ne7 64. Nh5 Nd5 65.
Ng7 Kf6 66. Nh5+ Kg6 67. Nf4+ Nxf4 68. Kxf4 h5 69. Ke3 Kf7 70. Kf3 Ke6 71. Ke3 Kf6 72. Kf3 Kg6 73. Ke3 Kg5 74. Kf3 Kf6 75. Ke3 Ke6 76.
Kf3 Kd5 77. Kf4 Ke6 78. Kg5 Ke5 79. Kxh5 f4 80. gxf4+ Kxf4 1/2-1/2

[Event "*** Titled Tuesday Blitz"]
[Site "Chess.com"]
[Date "2019.10.01"]
[Round "8"]
[White "Grandmaster1369"]
[Black "1stSecond"]
[Result "1-0"]
[WhiteElo "2698"]
[BlackElo "2839"]
[TimeControl "180+2"]
[EndTime "15:01:31 PDT"]
[Termination "Grandmaster1369 won by resignation"]

1. e4 c5 2. Nf3 Nc6 3. Bb5 g6 4. Bxc6 dxc6 5. d3 Nf6 6. h3 Nh5 7. Be3 b6 8. a4 a5 9. Nbd2 Qc7 10. Nc4 Ba6 11. b3 Bg7 12. Rb1 O-O 13. O-O Rab8 14.
Qd2 e5 15. Bh6 f6 16. Bxg7 Kxg7 17. Ne3 Nf4 18. Kh2 Qd7 19. Ng1 Rbd8 20. Ne2 Nxe2 21. Qxe2 f5 22. exf5 gxf5 23. Nc4 e4 24. dxe4 Qe6 25.
Rfe1 fxe4 26. Kg1 Rd4 27. c3 Bxc4 28. bxc4 Rxc4 29. Rxb6 Rxa4 30. Qe3 Qe5 31. Rxc6 Rc4 32. Rd1 Kh8 33. Qh6 Qg7 34. Qxg7+ Kxg7 35. Rd5 a4 36.
Rg5+ Kf7 37. Rf5+ Ke7 38. Rxf8 Kxf8 39. Ra6 Ke7 40. Kf1 Rxc3 41. Rxa4 e3 42. Re4+ Kd6 43. Rxe3 Rc2 44. Re1 c4 45. Re8 c3 46. Ke1 Kd5 47. Re7 Ra2 48. Rc7 Kd4 49. g4 Kd3 50. Rd7+ Ke4 51.
Rc7 Kd3 52. Rd7+ Kc4 53. Rxh7 Ra1+ 54. Ke2 c2 55. Rc7+ Kb3 56. h4 c1=Q 57. Rxc1 Rxc1 58. Ke3 Kc4 59. Ke4 Kc5 60. Ke5 Kc6 61. h5 Kd7 62. Kf6 Rc4 63. g5 Rf4+ 64. Kg7 Rxf2 65. h6 Ke7 66. h7 Rf7+ 67. Kh6 Rf8 68. g6 Re8 69. g7 Kf7 70. h8=Q Rg8 71. Kh7 Rxg7+ 72.
Qxg7+ 1-0

[Event "*** Titled Tuesday Blitz"]
[Site "Chess.com"]
[Date "2019.10.01"]
[Round "8"]
[White "GianmarcoVaR"]
[Black "vova-79"]
[Result "1/2-1/2"]
[WhiteElo "2598"]
[BlackElo "2470"]
[TimeControl "180+2"]
[EndTime "15:01:47 PDT"]
[Termination "Game drawn by repetition"]

1. Nf3 d5 2. g3 c6 3. Bg2 Nf6 4. O-O Bg4 5. d3 Nbd7 6. h3 Bh5 7. g4 Bg6 8. Nh4 e5 9. e3 Bc5 10. Kh1 e4 11. Nxg6 hxg6 12. Nc3 exd3 13. cxd3 O-O 14. e4 dxe4 15. dxe4 Ne5 16. Qxd8 Raxd8 17. f4 Nd3 18. e5 Nxc1 19. Raxc1 Nd7 20. Ne4 Be7 21. Rf2 Rfe8 22. Kg1 Nf8 23. Bf1 Rd4 24. Nc5 b6 25. Nb3 Re4 26.
Rxc6 Ne6 27. Rc4 Re1 28. Rd2 g5 29. f5 Nc5 30. Kf2 Nxb3 31. Kxe1 Nxd2 32. Kxd2 Bc5 33. e6 fxe6 34. Re4 Rd8+ 35. Kc2 exf5 36. Bc4+ Kf8 37. gxf5 Rd4 38. Rxd4 Bxd4 39. b4 a5 40. Kd3 Bg1 41. b5 Ke7 42. Ke4 Kf6 43. Bd3 g6 44.
fxg6 Kxg6 45. Ke5+ Kh5 46. Kf5 Kh4 47. Bf1 Bc5 48. a4 Bg1 49. Ke4 Bc5 50. Kf3 Bd4 51. Ke4 Bc5 52. Kf5 Bd4 53. Kg6 Bc5 54. Kf7 g4 55.
hxg4 Kxg4 56. Ke6 Kf4 57. Kd5 Ke3 58. Kc4 Kd2 59. Bd3 Kc1 60. Kb3 Kd2 61. Bg6 Be3 62. Kc4 Bc5 63. Kb3 Be3 64. Kc4 Bc5 65. Kd5 Kc3 66.
Bh5 Kc2 67. Kc4 Kb2 68. Kd5 Ka3 69. Bd1 Kb2 70. Kc4 Kc1 71. Bb3 Kb2 72. Bd1 Kc1 73.
Be2 Kb2 74. Bd3 Bg1 75. Bg6 Bf2 76. Bh5 Bg1 77. Kd3 Kb3 78. Bd1+ Kb4 79. Ke4 Bc5 80. Kd5 Kc3 81. Kc6 Kd2 82. Bf3 Kc2 83. Kb7 Kb3 84. Bd1+ Kc3 85. Ka6 Kd2 86. Bg4 Kc3 87. Bh5 Kc2 88.
Kb7 Kb2 89. Kc6 Kc3 90. Kd5 Kb4 91. Bd1 Ka3 92. Kc4 Kb2 93. Kd3 Kc1 94. Ke2 Kb2 95. Kd3 Ka3 96. Bc2 Kb2 97. Bd1 1/2-1/2

[Event "*** Titled Tuesday Blitz"]
[Site "Chess.com"]
[Date "2019.10.01"]
[Round "8"]
[White "Tjktiger"]
[Black "Rodalquilar"]
[Result "0-1"]
[WhiteElo "2806"]
[BlackElo "2668"]
[TimeControl "180+2"]
[EndTime "15:03:25 PDT"]
[Termination "Rodalquilar won by resignation"]

1. c4 b6 2. Nc3 Bb7 3. d4 e6 4. e4 Bb4 5. f3 f5 6. exf5 Nh6 7. fxe6 Nf5 8. Ne2 O-O 9. Qd3 dxe6 10. Be3 e5 11.
O-O-O Nxe3 12. Qxe3 exd4 13. Nxd4 Bc5 14. Ne4 Re8 15.
Qc3 Bxe4 16. fxe4 Rxe4 17. Ne6 Qxd1+ 18. Kxd1 Rxe6 19. Qh3 Rd6+ 20. Bd3 Nd7 21. Qxh7+ Kf7 22. Kc2 Rd8 23. Rf1+ Nf6 24. Bg6+ Ke6 25. Qxg7 Rd2+ 26. Kc1 Bd4 27. Qf7+ Kd6 28. Kxd2 Kc5 29. Kc2 Ng4 30. Rf5+ Kc6 31. Rf3 Ne5 32. Qe6+ Rd6 33. Be4+ Kc5 34. Rf5 Rxe6 35. b3 Kd6 36. h3 Bc5 37. Bd5 Rg6 38.
g4 c6 39. Bg2 Bd4 40. g5 Ke6 41. Be4 Rg8 42. Rf6+ Ke7 43. h4 Nxc4 44. Rxc6 Nd6 45. Rc7+ Ke6 46. Bg2 Bf2 47. Bh3+ Ke5 48. Re7+ Kd4 49.
Re6 Ne4 50. Bf5 Nc5 51. Re2 Bxh4 52. b4 Nb7 53. Re4+ Kd5 54. Rxh4 Nd6 55. Bd3 Rxg5 56.
Kc3 Rg3 57. a4 a6 58. Rh5+ Kc6 59. Rh6 Kc7 60. Rh7+ Kc6 61. Rh6 Kd5 62. Rh5+ Kc6 63. Re5 Rh3 64. Kc2 Rh2+ 65. Be2 Nc4 66. Re8 Nd6 67. Re7 Kd5 68. Kd1 Rh1+ 69. Kd2 Ne4+ 70. Ke3 Rh3+ 71. Kf4 Nc3 72. Bf3+ Kc4 73. a5 b5 74. Bb7 Kxb4 75. Bxa6 Nd5+ 76. Kg4 Rh6 77. Re5 Rxa6 78. Rxd5 Kxa5 79. Kf4 Re6 80. Rd3 b4 81. Rd5+ Ka4 82. Rd8 Ka3 83. Ra8+ Kb2 84. Kf5 Re1 85. Kf4 b3 86. Kf3 Kc2 87. Kf2 Re5 88. Rc8+ Kb1 89. Rb8 b2 90. Rb7 Kc2 91. Rc7+ Kb3 92. Rb7+ Kc3 93. Rb8 Re4 0-1

[Event "*** Titled Tuesday Blitz"]
[Site "Chess.com"]
[Date "2019.10.01"]
[Round "9"]
[White "j_coca"]
[Black "Orest_Vovk"]
[Result "0-1"]
[WhiteElo "2122"]
[BlackElo "2417"]
[TimeControl "180+2"]
[EndTime "15:05:37 PDT"]
[Termination "Orest_Vovk won by resignation"]

1. f4 d5 2. Nf3 c6 3. e3 Nf6 4. d4 Bf5 5. c3 e6 6. Bd3 Be7 7. O-O O-O 8. Qc2 Bxd3 9. Qxd3 Ne4 10. Nbd2 f5 11. Ne5 Nd7 12. g4 Nxe5 13. fxe5 Nxd2 14. Bxd2 fxg4 15. Rxf8+ Bxf8 16. Rf1 Qh4 17. Be1 Qh3 18. Bg3 Be7 19. e4 h5 20. exd5 h4 21. Qg6 hxg3 22.
Rf7 Qxh2+ 23. Kf1 g2+ 0-1

[Event "*** Titled Tuesday Blitz"]
[Site "Chess.com"]
[Date "2019.10.01"]
[Round "9"]
[White "2165149677570"]
[Black "MasterKroket"]
[Result "0-1"]
[WhiteElo "2292"]
[BlackElo "2420"]
[TimeControl "180+2"]
[EndTime "15:06:05 PDT"]
[Termination "MasterKroket won by resignation"]

1. e4 c5 2. Nf3 e6 3. d4 cxd4 4. Nxd4 Nc6 5. Nc3 Qc7 6. Be2 a6 7. O-O Nf6 8. Be3 Bb4 9. Nxc6 bxc6 10. Qd4 c5 11. Qc4 a5 12. Na4 Ba6 13. Qxa6 Rxa6 14. Bxa6 Qc6 0-1

[Event "*** Titled Tuesday Blitz"]
[Site "Chess.com"]
[Date "2019.10.01"]
[Round "9"]
[White "parmupill123"]
[Black "moro182"]
[Result "0-1"]
[WhiteElo "2534"]
[BlackElo "2737"]
[TimeControl "180+2"]
[EndTime "15:06:12 PDT"]
[Termination "moro182 won by resignation"]

1. e4 e5 2. Nf3 Nc6 3. Bc4 Bc5 4. O-O Nf6 5. d4 Bxd4 6. Nxd4 Nxd4 7. f4 d6 8. fxe5 dxe5 9. Bg5 Qe7 10. Na3 Be6 11. c3 Bxc4 12. Nxc4 Ne6 13. Bxf6 Qc5+ 14. Kh1 Qxc4 15.
Bxe5 Qxe4 16. Bxc7 O-O 17. Bg3 Rad8 18. Qb3 Rd2 19.
Rf2 Rxf2 20. Bxf2 Nf4 21. Rg1 Nh3 0-1

[Event "*** Titled Tuesday Blitz"]
[Site "Chess.com"]
[Date "2019.10.01"]
[Round "9"]
[White "beccrajoy"]
[Black "Aggressus"]
[Result "0-1"]
[WhiteElo "1806"]
[BlackElo "2371"]
[TimeControl "180+2"]
[EndTime "15:06:31 PDT"]
[Termination "Aggressus won by resignation"]

1. e4 c5 2. Nf3 Nc6 3. d4 cxd4 4. Nxd4 Nf6 5. Nc3 e5 6. Ndb5 d6 7. Bg5 a6 8. Na3 b5 9. Bxf6 gxf6 10. Nd5 Bg7 11.
Bxb5 axb5 12. Nxb5 O-O 13. c3 f5 14. Nbc7 Rb8 15. b4 fxe4 16. b5 Ne7 17. a4 Be6 18.
Nxe6 fxe6 19. Nxe7+ Qxe7 20. Qb3 d5 21. a5 Qc5 22. O-O Rxb5 0-1